 Dungeon Crawl Stone Soup version 0.21-a0-91-ga5031da (webtiles) character file.

196 protoss039 the Conjurer (level 5, -1/29 HPs)
             Began as a Deep Elf Conjurer on June 28, 2017.
             Shot with an arrow by a centaur (7 damage)
             ... on level 4 of the Dungeon.
             The game lasted 00:15:33 (2566 turns).

protoss039 the Conjurer (Deep Elf Conjurer)         Turns: 2566, Time: 00:15:35

Health: -1/29      AC:  3    Str:  5    XL:     5   Next: 46%
Magic:  6/14       EV: 13    Int: 21    God:
Gold:   203        SH:  0    Dex: 15    Spells: 6/13 levels left

rFire    . . .     SeeInvis .   d - +0 dagger
rCold    . . .     Gourm    .   (no shield)
rNeg     . . .     Faith    .   a - +0 robe
rPois    .         Spirit   .   (no helmet)
rElec    .         Reflect  .   (no cloak)
rCorr    .         Harm     .   (no gloves)
MR       .....                  l - +0 pair of boots
Stlth    ++........             (no amulet)
HPRegen  0.09/turn              (no ring)
MPRegen  0.14/turn              (no ring)

@: no status effects
A: no striking features
a: no special abilities


You were on level 4 of the Dungeon.
You were not hungry.

You visited 1 branch of the dungeon, and saw 4 of its levels.

You collected 203 gold pieces.

Inventory:

Hand Weapons
 d - a +0 dagger (weapon)
Armour
 a - a +0 robe (worn)
 j - a -1 leather armour
 l - a +0 pair of boots (worn)
Scrolls
 k - a scroll of remove curse
 m - 4 scrolls of identify {unknown}
 n - a scroll of random uselessness {unknown}
 t - a scroll of amnesia {unknown}
Potions
 e - a potion of might {unknown}
 i - a potion of brilliance {unknown}
 o - a potion of lignification {unknown}
 p - a potion of magic {unknown}
 q - 2 potions of heal wounds
 r - a potion of flight {unknown}
 s - a potion of haste {unknown}
Books
 b - a book of Conjurations

   Spells                             Type                      Level
   a - Magic Dart                     Conjuration                  1
   b - Searing Ray                    Conjuration                  2
   c - Dazzling Spray                 Conjuration/Hexes            3
   d - Fulminant Prism                Conjuration/Hexes            4
   e - Force Lance                    Conjuration/Translocation    4
   f - Iskenderun's Mystic Blast      Conjuration                  4
Comestibles
 c - 3 bread rations
 f - 3 meat rations
 g - 3 royal jellies
 h - a fruit
 u - a chunk of flesh


   Skills:
 * Level 1.2 Fighting
 * Level 1.7 Armour
 - Level 2.4 Dodging
 - Level 2.4 Stealth
 - Level 4.8 Spellcasting
 + Level 5.7 Conjurations


You had 6 spell levels left.
You knew the following spells:

 Your Spells              Type           Power        Failure   Level  Hunger
a - Magic Dart            Conj           ####         1%          1    None
b - Searing Ray           Conj           ####..       1%          2    None
c - Iskenderun's Mystic   Conj           ####....     11%         4    ####...


Dungeon Overview and Level Annotations

Branches:
Dungeon (4/15)
 Temple: D:4-7

Altars:


Message History

The searing ray hits the scorpion.
The scorpion is heavily wounded. (Press . to maintain the ray.)
The searing ray hits the scorpion.
The scorpion is heavily wounded.
The searing ray misses the scorpion.
The scorpion barely misses you.
The searing ray hits the scorpion.
You kill the scorpion!
Your Fighting skill increases to level 1!
You finish channeling your searing ray.
Unknown command.
You see here a scorpion corpse.
A centaur comes into view.
The centaur shouts!
The centaur wields a shortbow.
The centaur shoots an arrow.
The arrow hits you!
The centaur shoots an arrow.
The arrow hits you!
* * * LOW HITPOINT WARNING * * *
You see here an arrow.
The centaur shoots an arrow.
The arrow hits you!
You die...

##...c.. .#...... ####
###........
#..###..##......
#....#.......... .
#............... .
##....#.......... .
#.#...†.(@....... .#
#................ ..###
##................
....###.................
#......................#
...<..................##
.......#####.........##
......## ####.....##
......# #.


You could see a centaur.

Vanquished Creatures
  A scorpion (D:4)
  An orc priest (D:2)
  A worker ant (D:4)
  3 adders
  An ooze (D:3)
  2 worms (D:2)
  A dart slug (D:1)
  A leopard gecko (D:1)
  5 orcs
  2 bats
  5 giant cockroaches
  6 goblins
  4 hobgoblins
  3 jackals (D:2)
  2 quokkas (D:3)
  4 frilled lizards
  6 kobolds
48 creatures vanquished.

Notes
Turn   | Place    | Note
-------+----------+-------------------------------------------
     0 | D:1      | protoss039 the Deep Elf Conjurer began the quest for the Orb.
     0 | D:1      | Reached XP level 1. HP: 10/10 MP: 6/6
   271 | D:1      | Reached XP level 2. HP: 15/15 MP: 0/8
   342 | D:1      | Learned a level 2 spell: Searing Ray
   433 | D:1      | Reached skill level 5 in Conjurations
   826 | D:2      | Reached XP level 3. HP: 8/19 MP: 3/9
  1189 | D:2      | Reached XP level 4. HP: 24/24 MP: 1/12
  1614 | D:2      | Learned a level 4 spell: Iskenderun's Mystic Blast
  2215 | D:3      | Reached skill level 1 in Armour
  2375 | D:4      | Reached XP level 5. HP: 12/28 MP: 0/14
  2562 | D:4      | Reached skill level 1 in Fighting
  2564 | D:4      | Noticed a centaur
  2566 | D:4      | Shot with an arrow by a centaur

Vault maps used:
D:1:      ncdulo_wetmaze
D:2:      cheibrodos_pilgrimage, first_bread

Skill      XL: |  1  2  3  4  5 |
---------------+----------------+-----
Conjurations   | 5 |  5.7
Spellcasting   | 4 |  4.8
Armour         | 1 |  1.7
Fighting       | 1 |  1.2
Dodging        | |  2.4
Stealth        | |  2.4

Action                   |  1- 3 |  4- 6 || total
-------------------------+-------+-------++-------
Melee: Dagger            |     4 |     4 ||     8
 Cast: Magic Dart        |    44 |    43 ||    87
       Searing Ray       |     3 |     4 ||     7
       Iskenderun's Myst |       |     3 ||     3
  Use: Scroll            |     1 |       ||     1
       Potion            |     1 |       ||     1
  Eat: Chunk             |       |     6 ||     6
Armor: Leather armour    |     2 |       ||     2
       Robe              |       |     3 ||     3
Dodge: Dodged            |     3 |     6 ||     9
